 Dungeon Crawl Stone Soup version 0.30-a0-535-g2c0b3469a7 (webtiles) character file.

Game seed: 4371843357544748791

1241 M4edhros the Ducker (level 8, -4/52 HPs)
             Began as an Octopode Fighter on Dec 25, 2022.
             Was a Believer of Cheibriados.
             Slain by a steam dragon (5 damage)
             ... on level 7 of the Dungeon.
             The game lasted 00:06:11 (3296 turns).

M4edhros the Ducker (Octopode Fighter)              Turns: 3296, Time: 00:06:12

Health: -4/52      AC:  1    Str: 20    XL:     8   Next: 49%
Magic:  8/8        EV: 23    Int: 14    God:    Cheibriados [**....]
Gold:   240        SH:  7    Dex: 29    Spells: 7/7 levels left

rFire   . . .      SeeInvis .    m - +8 dagger "Ocamiph" {flame, rElec rC- Will+}
rCold   x . .      Faith    .    b - +0 buckler
rNeg    . . .      Spirit   .    (helmet restricted)
rPois   .          Reflect  .    (no amulet)
rElec   +          Harm     .    i - +6 ring of dexterity
rCorr   .          Rampage  .    l - +4 ring of evasion
Will    +....                    w - +6 ring of dexterity
Stlth   +++                      (no ring)
HPRegen 0.28/turn                (no ring)
MPRegen 0.11/turn                (no ring)
                                 (no ring)
                                 (no ring)

@: attractive, hasted, quick
A: almost no armour, amphibious, 8 rings, camouflage 1, gelatinous body 1,
(nimble swimmer 1), tentacles
a: Renounce Religion, Bend Time


You were on level 7 of the Dungeon.
You worshipped Cheibriados.
Cheibriados was pleased with you.
You visited 2 branches of the dungeon, and saw 8 of its levels.

You collected 240 gold pieces.

Inventory:

Hand Weapons
 a - a +0 trident
 m - the +8 dagger "Ocamiph" (weapon) {flame, rElec rC- Will+}
   (You took it off an orc priest on level 5 of the Dungeon)

   It burns those it strikes, dealing additional fire damage.
   rC:        It makes you vulnerable to cold.
   rElec:     It insulates you from electricity.
   Will:      It increases your willpower.
Missiles
 k - 10 poisoned darts (quivered)
 t - 6 silver javelins
Armour
 b - a +0 buckler (worn)
Jewellery
 i - a +6 ring of dexterity (left tentacle)
 l - a +4 ring of evasion (right tentacle)
 w - a +6 ring of dexterity (on tentacle)
 x - a ring of positive energy
Wands
 u - a wand of iceblast (6)
 C - a wand of flame (24)
Scrolls
 e - 2 scrolls of teleportation {unknown}
 g - 2 scrolls of amnesia {unknown}
 j - 2 scrolls of immolation {unknown}
 q - a scroll of fog {unknown}
 r - 2 scrolls of fear {unknown}
 s - a scroll of blinking {unknown}
 v - a scroll of acquirement {unknown}
 y - 2 scrolls of identify {unknown}
 A - 2 scrolls of vulnerability {unknown}
Potions
 c - a potion of might
 d - 2 potions of attraction
 f - a potion of haste
 h - 2 potions of curing {unknown}
 n - a potion of heal wounds {unknown}
 o - 2 potions of brilliance {unknown}
 p - 2 potions of mutation {unknown}
 z - a potion of cancellation {unknown}
 B - a potion of invisibility {unknown}


   Skills:
 - Level 3.0 Fighting
 * Level 5.4 Short Blades
 - Level 3.8 Polearms
 * Level 6.5 Dodging
 - Level 5.4 Shields
 * Level 0.6 Unarmed Combat


You had 7 spell levels left.
You didn't know any spells.
Your spell library was empty.

Dungeon Overview and Level Annotations

Branches:
Dungeon (7/15)             Temple (1/1) D:6

Altars:
Ashenzari
Cheibriados
Dithmenos
Elyvilon
Fedhas
Hepliaklqana
Kikubaaqudgha
Makhleb
Nemelex Xobeh
Okawaru
Qazlal
Sif Muna
Trog
Uskayaw
Vehumet
Wu Jian
Xom
Zin
The Shining One


Innate Abilities, Weirdness & Mutations

You cannot wear most types of armour.
You are amphibious.
You can wear up to eight rings at the same time.
Your skin changes colour to match your surroundings (Stealth+).
Your rubbery body absorbs attacks. (AC +1, EV +1)
((You are camouflaged when in or above water. (Stealth+)))
You have tentacles for arms and can constrict up to eight enemies at once.


Message History

a +0 dagger; a +0 robe; an orc corpse You puncture the orc!
You burn the orc.
You kill the orc!
Cheibriados appreciates the change of pace.
A steam dragon comes into view.
The steam dragon hisses angrily.
The orc priest misses you.
The orc priest hits you with a +0 short sword.
The steam dragon breathes steam at you. The ball of steam misses you.
You see here a +0 trident.
You hit the orc priest. You burn the orc priest.
Your grab misses the orc priest. You squeeze the orc priest.
The orc priest is severely wounded.
You are engulfed in a cloud of scalding steam.
The orc priest miscasts a cantrip.
The steam dragon breathes steam at you. The ball of steam hits you!!
* * * LOW HITPOINT WARNING * * *
You are too injured to fight recklessly!
You are too injured to fight recklessly!
You hit the orc priest. You burn the orc priest.
Your grab misses the orc priest.
The orc priest is almost dead.
You are engulfed in a cloud of scalding steam.
* * * LOW HITPOINT WARNING * * *
You are too injured to fight recklessly!
It was a potion of attraction.
You feel attractive to monsters.
You are engulfed in a cloud of scalding steam.
* * * LOW HITPOINT WARNING * * *
The orc priest casts a cantrip, but nothing happens.
It was a potion of haste.
You feel yourself speed up.
Cheibriados forgives your accidental hurry, just this once.
You are engulfed in a cloud of scalding steam.
* * * LOW HITPOINT WARNING * * *
The orc priest invokes the aid of Beogh against you.
Pain shoots through your body!
* * * LOW HITPOINT WARNING * * *
The steam dragon bites you.
You die...

###†#####.# ..
#.# #.# ..
########.# #.#
. ...##.#.#
#..
.$#####.##.#.#
###
#...........#
#.####.######
#D####)#
#o@)...#
######)# ###


You could see a steam dragon and an orc priest.

Vanquished Creatures
  Prince Ribbit (D:7)
  An ogre (D:5)
  A phantom (D:5)
  A bullfrog (D:6)
  4 scorpions (D:5)
  Crazy Yiuf (D:4)
  A hound (D:5)
  2 jellies
  3 orc priests
  An iguana (D:6)
  4 orc wizards
  4 adders
  7 gnolls
  2 white imps
  2 ufetubi
  2 dart slugs
  19 orcs
  10 endoplasms
  8 hobgoblins
  5 jackals
  6 quokkas
  4 ball pythons
  3 bats
  5 frilled lizards
  7 goblins
  8 kobolds
  5 rats
117 creatures vanquished.

Vanquished Creatures (others)
  3 plants (D:5)
3 creatures vanquished.

Grand Total: 120 creatures vanquished

Notes
Turn   | Place    | Note
-------+----------+-------------------------------------------
     0 | D:1      | M4edhros the Octopode Fighter began the quest for the Orb.
     0 | D:1      | Reached XP level 1. HP: 16/16 MP: 1/1
   124 | D:1      | Reached XP level 2. HP: 21/21 MP: 2/2
   218 | D:2      | Reached XP level 3. HP: 20/26 MP: 3/3
   526 | D:4      | HP: 1/26 [orc/+0 trident (8)]
   688 | D:5      | Entered Level 5 of the Dungeon
   692 | D:5      | Noticed a scorpion
   699 | D:5      | Killed a scorpion
   700 | D:5      | Reached XP level 4. HP: 20/31 MP: 4/4
   790 | D:5      | Noticed an ogre
   801 | D:5      | Killed an ogre
   802 | D:5      | Reached skill level 4 in Dodging
   802 | D:5      | Reached XP level 5. HP: 13/36 MP: 5/5
   963 | D:5      | Identified the +8 dagger "Ocamiph" {flame, rElec rC- Will+}
   972 | D:5      | Reached XP level 6. HP: 25/42 MP: 6/6
  1113 | D:5      | Reached skill level 1 in Short Blades
  1347 | D:5      | Found a shimmering altar of Xom.
  1347 | D:5      | Found an iron altar of Okawaru.
  1415 | D:5      | Reached XP level 7. HP: 43/46 MP: 7/7
  1478 | D:5      | Reached skill level 5 in Dodging
  1478 | D:5      | Reached skill level 5 in Shields
  1845 | D:6      | Found a staircase to the Ecumenical Temple.
  1868 | Temple   | Entered the Ecumenical Temple
  1959 | Temple   | Became a worshipper of Cheibriados the Contemplative
  2579 | D:1      | Reached * piety under Cheibriados
  2779 | D:2      | Reached XP level 8. HP: 52/52 MP: 8/8
  3043 | D:4      | Found a runed translucent door.
  3044 | D:4      | Noticed Crazy Yiuf
  3051 | D:4      | Killed Crazy Yiuf
  3258 | D:7      | Noticed Prince Ribbit
  3267 | D:7      | Killed Prince Ribbit
  3267 | D:7      | Reached ** piety under Cheibriados
  3268 | D:7      | Reached skill level 5 in Short Blades
  3268 | D:7      | Reached skill level 6 in Dodging
  3296 | D:7      | HP: 1/52 [orc priest/nerve-wracking pain (3)]
  3296 | D:7      | Slain by a steam dragon

Illustrated notes

Levels and vault maps discovered:
D:1:      tarquinn_simple_flora_water_a, layout_rooms
D:2:      layout_basic, grunt_ministairs_9
D:3:      layout_loops_ring, serial_glass, glass_columns_a, glass_columns_b,
          supply_closet_lemuel, kennysheep_generic_room_5
D:4:      layout_basic, minmay_misc_feat_roman, uniq_crazy_yiuf_cottage
D:5:      corexii_shack_village, layout_cave_pools,
          chequers_temple_overflow_statue_of_worship, serial_rivers,
          chequers_serial_rivers_small_3, chequers_serial_rivers_micro_b,
          chequers_serial_rivers_micro_e, chequers_serial_rivers_micro_d,
          chequers_serial_rivers_micro_e, chequers_serial_rivers_small_3,
          serial_bayou_crossing
D:6:      nicolae_cairo_tiling_large_dashed, layout_basic,
          lemuel_mausoleum_altar_yredelemnul, minmay_temple_entry_slanted,
          st_stairs_4
D:7:      layout_basic, minitemple, uniq_prince_ribbit1
Temple:   minmay_temple_bridge_d

Skill      XL: |  1  2  3  4  5  6  7  8 |
---------------+-------------------------+-----
Polearms       | 3 |  3.8
Shields        | 4 5 |  5.4
Dodging        | 4 5 6 |  6.5
Short Blades   | 2 4 5 |  5.4
Fighting       | |  3.0
Unarmed Combat | |  0.6

Action                   |  1- 3 |  4- 6 |  7- 9 || total
-------------------------+-------+-------+-------++-------
Melee: Trident           |    59 |    19 |       ||    78
       Constrict         |    11 |    13 |    23 ||    47
       Tentacles         |    10 |    11 |    14 ||    35
       Punch             |       |     1 |     2 ||     3
       Dagger            |       |    32 |   111 ||   143
Throw: Dart              |       |     4 |       ||     4
  Use: Potion            |       |     1 |     2 ||     3
 Stab: Sleeping          |     4 |       |    21 ||    25
       Distracted        |     1 |       |     1 ||     2
Armor: Skin              |     3 |     3 |       ||     6
Dodge: Dodged            |    14 |    36 |    48 ||    98
Block: Buckler           |    12 |    11 |    28 ||    51

Table legend: (Time is in decaauts)
 A = Elapsed time spent in this place.
 B = Non-inter-level travel time spent in this place.
 C = Inter-level travel time spent in this place.
 D = Time resting spent in this place.
 E = Time spent auto-exploring this place.
 F = Levels seen in this place.
 G = Mean time per level.
                   A        B        C        D        E       F      G
               +--------+--------+--------+--------+--------+-----+--------+
         Total |   3691 |   3229 |    462 |     42 |   2112 |   8 |  461.4 |
       Dungeon |   3511 |   3164 |    347 |     42 |   2063 |   7 |  501.6 |
        Temple |    180 |     66 |    114 |      0 |     49 |   1 |  180.0 |
               +--------+--------+--------+--------+--------+-----+--------+

Top non-repeatable levels by time:
     D:5: 979 daAuts
     D:3: 642 daAuts
     D:4: 610 daAuts
     D:2: 424 daAuts
     D:1: 405 daAuts
     D:6: 317 daAuts
  Temple: 180 daAuts
     D:7: 132 daAuts
